 Dungeon Crawl Stone Soup version 0.28-a0-612-gcfc00ec14d (webtiles) character file.

Game seed: 4020861960450719262

18057 ytrimaz the Imperceptible (level 12, -7/52 (54) HPs)
             Began as a Spriggan Enchanter on Oct 4, 2021.
             Was a Believer of Yredelemnul.
             Killed from afar by Josephine (20 damage)
             ... with a ghostly fireball
             ... on level 12 of the Dungeon on Oct 5, 2021.
             The game lasted 00:44:35 (17742 turns).

ytrimaz the Imperceptible (Spriggan Enchanter)     Turns: 17742, Time: 00:44:36

HP:   -7/52 (54)    AC:  4    Str: 10    XL:     12   Next: 24%
MP:   26/26         EV: 24    Int: 24    God:    Yredelemnul [**....]
Gold: 600           SH:  0    Dex: 22    Spells: 24/29 levels left

rFire   + . .      SeeInvis +   a - +1 dagger (elec)
rCold   + . .      Faith    .   (shield restricted)
rNeg    . . .      Spirit   .   v - +2 robe {Will+}
rPois   +          Reflect  .   (helmet restricted)
rElec   .          Harm     .   (no cloak)
rCorr   .          Rampage  .   (gloves unavailable)
Will    +++..                   (boots unavailable)
Stlth   ++++++++..              z - amulet "Riseggil" {RegenMP rPois Int+4 SInv}
HPRegen 0.17/turn               d - ring "Zilear" {rF+ Int+2 Dex+3}
MPRegen 0.45/turn               D - ring of Cemio {rC+ Str+6}

@: lightly drained, very quick
A: very small, no large weapons, unfitting armour, see invisible, speed 3
a: Renounce Religion, Animate Remains, Recall Undead Slaves, Injury Mirror


You were on level 12 of the Dungeon.
You worshipped Yredelemnul.
Yredelemnul was pleased with you.
You visited 2 branches of the dungeon, and saw 13 of its levels.

You collected 690 gold pieces.
You spent 90 gold pieces at shops.

Inventory:

Hand Weapons
 a - a +1 dagger of electrocution (weapon)
 b - a +2 dagger of protection
 g - a +0 vampiric rapier
 h - a +2 short sword of speed
 t - a +2 dagger of venom
Missiles
 E - 69 poisoned darts (quivered)
 J - 4 curare-tipped darts
Armour
 v - a +2 robe of willpower (worn)
Jewellery
 d - the ring "Zilear" (left hand) {rF+ Int+2 Dex+3}
   (You acquired it on level 5 of the Dungeon)

   [ring of protection from fire]

   Int:       It affects your intelligence (+2).
   Dex:       It affects your dexterity (+3).
   rF:        It protects you from fire.
 j - a ring of ice
 z - the amulet "Riseggil" (around neck) {RegenMP rPois Int+4 SInv}
   (You found it on level 8 of the Dungeon)

   [amulet of magic regeneration]

   It increases your rate of magic regeneration.
   Int:       It affects your intelligence (+4).
   rPois:     It protects you from poison.
   SInv:      It lets you see invisible.
 A - a ring of protection from fire
 D - the ring of Cemio (right hand) {rC+ Str+6}
   (You found it on level 9 of the Dungeon)

   [ring of protection from cold]

   Str:       It affects your strength (+6).
   rC:        It protects you from cold.
Wands
 l - a wand of acid (22)
 m - a wand of iceblast (9)
 o - a wand of flame (12)
 y - a wand of paralysis (8)
 H - a wand of mindburst (13)
Scrolls
 i - a scroll of fog
 r - 2 scrolls of vulnerability
 s - 2 scrolls of enchant weapon
 C - a scroll of magic mapping
 I - a scroll of teleportation
Potions
 c - 2 potions of invisibility
 e - a potion of resistance
 f - a potion of might
 k - a potion of cancellation {unknown}
 n - 2 potions of heal wounds
 p - a potion of ambrosia
 q - 2 potions of flight
 u - a potion of magic
 w - 2 potions of mutation {unknown}
 F - a potion of lignification {unknown}


   Skills:
 + Level 2.0 Fighting
 - Level 10.0 Short Blades
 + Level 8.4 Dodging
 * Level 21.1 Stealth
 - Level 9.0 Spellcasting
 - Level 3.6 Hexes
 - Level 4.5 Earth Magic
 * Level 3.9 Invocations


You had 24 spell levels left.
You knew the following spells:

 Your Spells              Type           Power      Damage    Failure   Level
a - Ensorcelled Hibernat  Hex/Ice        38%        N/A       4%          2
c - Confusing Touch       Hex            28%        N/A       4%          3

Your spell library contained the following spells:

 Spells                   Type           Power      Damage    Failure   Level
 Tukima's Dance           Hex            28%        N/A       4%          3
 Beastly Appendage        Tmut           20%        N/A       6%          1
 Foxfire                  Conj/Fire      40%        2x1d6     6%          1
 Pain                     Necr           40%        1d6       6%          1
 Sting                    Tmut/Pois      40%        1d5       6%          1
 Stone Arrow              Conj/Erth      42%        3d9       7%          3
 Corpse Rot               Necr/Air       N/A        N/A       9%          2
 Poisonous Vapours        Pois/Air       20%        N/A       9%          2
 Wereblood                Tmut           10%        N/A       9%          2
 Dazzling Flash           Conj/Hex       38%        N/A       9%          3
 Inner Flame              Hex/Fire       19%        N/A       9%          3
 Portal Projectile        Hex/Tloc       38%        N/A       9%          3
 Leda's Liquefaction      Hex/Erth       15%        N/A       11%         4
 Call Canine Familiar     Summ           10%        N/A       17%         3
 Conjure Flame            Conj/Fire      10%        6-21      17%         3
 Ignite Poison            Fire/Tmut/Pois 10%        N/A       17%         3
 Ozocubu's Armour         Ice            10%        N/A       17%         3
 Spider Form              Tmut/Pois      5%         N/A       17%         3
 Animate Armour           Summ/Erth      42%        N/A       22%         4
 Dispel Undead            Necr           10%        3d9       50%         4
 Flame Wave               Conj/Fire      10%        3d4       50%         4
 Olgreb's Toxic Radiance  Pois           10%        N/A       50%         4
 Sticky Flame             Conj/Fire      10%        2d3       50%         4
 Summon Ice Beast         Ice/Summ       10%        N/A       50%         4
 Metabolic Englaciation   Hex/Ice        9%         N/A       61%         5
 Summon Mana Viper        Hex/Summ       19%        N/A       61%         5
 Agony                    Necr           10%        N/A       85%         5
 Excruciating Wounds      Necr           5%         N/A       85%         5
 Irradiate                Conj/Tmut      5%         3d15      85%         5
 Iskenderun's Battlesphe  Conj           10%        2d6       85%         5
 Iron Shot                Conj/Erth      10%        9d3       98%         6
 Conjure Ball Lightning   Conj/Air       5%         3x3d6     100%        6
 Death Channel            Necr           5%         N/A       100%        6
 Starburst                Conj/Fire      5%         6d4       100%        6
 Monstrous Menagerie      Summ           5%         N/A       100%        7
 Ozocubu's Refrigeration  Ice            5%         4d6       100%        7
 Spellforged Servitor     Conj/Summ      5%         N/A       100%        7
 Lehudib's Crystal Spear  Conj/Erth      10%        10d4      100%        8


Dungeon Overview and Level Annotations

Branches:
Dungeon (12/15)            Temple (1/1) D:6            Lair (0/6) D:10
    Orc (0/2) D:12

Altars:
Ashenzari
Cheibriados
Dithmenos
Elyvilon
Fedhas
Gozag
Hepliaklqana
Kikubaaqudgha
Makhleb
Nemelex Xobeh
Okawaru
Qazlal
Ru
Sif Muna
Trog
Uskayaw
Vehumet
Wu Jian
Xom
Yredelemnul
Zin
The Shining One

Shops:
D:2 [

Annotations:
D:4 1 runed translucent door, iamoutofideas's ghost, novice HOAK
D:7 1 runed translucent door
D:12 Josephine


Innate Abilities, Weirdness & Mutations

You are very small and have problems with some larger weapons.
You are too small for most types of armour.
You have supernaturally acute eyesight. (SInv)
You cover ground extremely quickly. (Speed+++)


Message History

The centaur unwields a +0 shortbow.
The centaur completely misses you. The centaur misses you.
The centaur shouts! x3
You barely miss the centaur.
The centaur shoots an arrow.
The arrow completely misses you.
The centaur wields a +0 shortbow.
The centaur shoots an arrow.
The arrow hits you.
The centaur shoots an arrow.
The arrow completely misses you.
You barely miss the centaur.
The centaur shoots an arrow.
The arrow misses you.
The centaur shoots an arrow.
The arrow completely misses you.
You hit the centaur.
The centaur is lightly wounded.
The centaur hits you. The centaur closely misses you.
The centaur shoots an arrow.
The arrow misses you.
The centaur wields a +0 shortbow.
The centaur shoots an arrow.
The arrow closely misses you.
The centaur shoots an arrow.
The arrow completely misses you.
The centaur shoots an arrow.
The arrow misses you.
The centaur shoots an arrow.
The arrow misses you.
The centaur shoots an arrow.
The arrow completely misses you.
The centaur shoots an arrow.
The arrow barely misses you.
The centaur shoots an arrow.
The arrow hits you.
The centaur shoots an arrow.
The arrow hits you!
A troll comes into view.
The centaur shoots an arrow.
The arrow misses you.
The centaur shoots an arrow.
The arrow hits you!
The centaur shoots an arrow.
The arrow misses you.
The centaur shoots an arrow.
The arrow hits you!
* * * LOW HITPOINT WARNING * * *
The centaur shoots an arrow.
The arrow misses you.
The centaur shoots an arrow.
The arrow closely misses you.
A wraith comes into view.
A wraith comes into view.
Josephine the Decaying Necromancer comes into view.
She is wielding a +0 dagger and wearing a +1 robe of positive energy. 2 wraiths come into view.
Josephine shouts!
The centaur shoots an arrow.
The arrow barely misses you. Josephine casts a spell at you.
The ghostly flame explodes!
The ghostly fireball engulfs you!!
You feel drained.
You die...
Your body rises from the dead as a mindless zombie.

*,,,,,,,,,**,,,,,.............
*,,,,,,,,,,,,,,,*.............
*,,,,,,,,**,******#...........
*,,,,,,,,,,,* #.........#.
*,,,,,,,,,*** ***#.....##.
*,,,,,,,,** ######..ccc.
*,,,,,,,,* #......##...
**,,,,***##########.#######..c
*,,,,***#...@....c.# #....
*,,,,*#W@.########## #....
*,,,,#WW##* #>... *,,...W**
#.... *,,..#** #.... *,,.,*
#.... *,,,,* #.... *,,,,*
#.... ****** #....


You could see Josephine, 3 wraiths and a centaur.

Vanquished Creatures
  Erolcha (D:11)
  2 boulder beetles (D:11)
  2 two-headed ogres
  2 tengu warriors
  Sonja (D:10)
  4 skeletal warriors
  3 deep elf zephyrmancers (D:11)
  A deep elf pyromancer (D:11)
  2 cyclopes
  2 ugly things
  Joseph (D:10)
  A gargoyle (D:8)
  An unseen horror (D:11)
  A kobold demonologist (D:10)
  Grinder (D:6)
  Prince Ribbit (D:5)
  A meliai zombie (D:11)
  A shadow (D:8)
  A basilisk (D:8)
  3 yaks (D:10)
  Grum (D:8)
  3 vampire mosquitoes (D:10)
  Menkaure (D:5)
  Edmund (D:4)
  3 water moccasins
  An ice beast (D:7)
  A hornet zombie (D:8)
  3 sky beasts
  A black bear (D:5)
  7 centaurs
  4 wolves
  A kobold brigand (D:9)
  3 bullfrogs
  A gnoll sergeant (D:9)
  A scorpion (D:5)
  4 killer bees (D:11)
  A troll skeleton (D:10)
  A howler monkey (D:7)
  5 wights (D:7)
  6 spriggan skeletons (D:10)
  4 bullfrog zombies
  6 centaur zombies
  A gnoll shaman (D:9)
  2 hounds (D:5)
  A jelly (D:5)
  A centaur skeleton (D:7)
  4 bullfrog skeletons
  An iron imp (D:7)
  An orc priest (D:5)
  An iguana (D:4)
  6 orc wizards
  A howler monkey zombie (D:9)
  Robin (D:4)
  A howler monkey skeleton (D:6)
  16 gnolls
  11 adders
  A shadow imp (D:8)
  A white imp (D:5)
  2 ufetubi
  An adder skeleton (D:4)
  2 worms (D:2)
  2 dart slugs (D:1)
  22 orcs
  7 endoplasms
  6 giant cockroaches
  6 hobgoblins
  12 kobolds
  2 quokkas (D:1)
  3 ball pythons
  7 bats
  5 frilled lizards
  16 goblins
  5 rats
239 creatures vanquished.

Vanquished Creatures (others)
  A tengu zombie (D:8)
1 creature vanquished.

Grand Total: 240 creatures vanquished

Notes
Turn   | Place    | Note
-------+----------+-------------------------------------------
     0 | D:1      | ytrimaz the Spriggan Enchanter began the quest for the Orb.
     0 | D:1      | Reached XP level 1. HP: 9/9 MP: 5/5
   209 | D:1      | Reached skill level 5 in Stealth
   209 | D:1      | Reached XP level 2. HP: 13/13 MP: 6/6
  1431 | D:1      | Learned a level 2 spell: Ensorcelled Hibernation
  1534 | D:1      | Reached XP level 3. HP: 16/16 MP: 8/8
  1699 | D:2      | Reached skill level 6 in Stealth
  1731 | D:2      | Found Tifodaf's Armour Shop.
  2094 | D:2      | Found a white marble altar of Elyvilon.
  2148 | D:2      | Reached XP level 4. HP: 14/21 MP: 9/9
  2815 | D:3      | Found Zin's Purification Station.
  2821 | D:3      | Found a glowing silver altar of Zin.
  2832 | D:3      | Bought a potion of curing for 90 gold pieces
  2931 | D:3      | Found a shimmering blue altar of Sif Muna.
  3066 | D:3      | Noticed a centaur
  3073 | D:3      | Killed a centaur
  3074 | D:3      | Reached skill level 7 in Stealth
  3074 | D:3      | Reached XP level 5. HP: 15/24 MP: 7/11
  3278 | D:3      | Found a glowing golden altar of the Shining One.
  3439 | D:4      | Noticed a +0 dagger
  3440 | D:4      | Noticed a +0 hand axe
  3441 | D:4      | Found a hide-covered altar of Uskayaw.
  3588 | D:4      | Noticed Robin
  3770 | D:4      | Found a runed translucent door.
  3770 | D:4      | Noticed iamoutofideas's ghost (novice HOAK)
  3797 | D:4      | Noticed a centaur
  3806 | D:4      | Killed a centaur
  3807 | D:4      | Reached skill level 8 in Stealth
  3807 | D:4      | Reached XP level 6. HP: 28/28 MP: 8/12
  5038 | D:4      | Noticed Edmund
  5079 | D:4      | Killed Edmund
  5080 | D:4      | Reached XP level 7. HP: 32/32 MP: 9/14
  5284 | D:4      | Reached skill level 5 in Short Blades
  5453 | D:4      | Killed Robin
  5626 | D:5      | Entered Level 5 of the Dungeon
  5736 | D:4      | Reached skill level 9 in Stealth
  5744 | D:4      | Learned a level 3 spell: Stone Arrow
  6539 | D:5      | Found a sparkling altar of Nemelex Xobeh.
  6598 | D:5      | Noticed Prince Ribbit
  6605 | D:5      | Killed Prince Ribbit
  6606 | D:5      | Reached skill level 1 in Earth Magic
  6606 | D:5      | Reached XP level 8. HP: 36/36 MP: 14/16
  6728 | D:5      | Reached skill level 10 in Stealth
  7090 | D:5      | Reached skill level 5 in Spellcasting
  7163 | D:5      | Found a stormy altar of Qazlal.
  7167 | D:5      | Found a broken altar of Ashenzari.
  7167 | D:5      | Found a white marble altar of Elyvilon.
  7180 | D:5      | Found a basalt altar of Yredelemnul.
  7186 | D:5      | Found a sacrificial altar of Ru.
  7232 | D:5      | Noticed Menkaure
  7259 | D:5      | Killed Menkaure
  7309 | D:5      | Reached skill level 5 in Dodging
  7349 | D:5      | HP: 1/36 [white imp/puff of frost (11)]
  7849 | D:5      | Upgraded the game from 0.28-a0-589-g333b8329f1 to
                  | 0.28-a0-612-gcfc00ec14d
  8029 | D:6      | Reached skill level 11 in Stealth
  8769 | D:6      | Found an iron altar of Okawaru.
  8976 | D:6      | Noticed Grinder
  9056 | D:6      | Killed Grinder
  9057 | D:6      | Reached XP level 9. HP: 39/39 MP: 15/18
  9080 | D:6      | Identified the +7 mace of Eternal Vigilance {vorpal, rElec
                  | rN+ Str-4 Dex+4}
  9240 | D:6      | Identified the +7 morningstar of Volont {vorpal, rPois
                  | Will+ Str-2 Dex+7}
  9790 | D:6      | Found a staircase to the Ecumenical Temple.
  9866 | Temple   | Entered the Ecumenical Temple
 10430 | D:5      | Became a worshipper of Yredelemnul the Dark
 10467 | D:7      | Found a runed translucent door.
 10722 | D:7      | Noticed a sixfirhy
 10735 | D:7      | Found a snail-covered altar of Cheibriados.
 10976 | D:7      | Identified the +1 chain mail "Myazo" {Regen+}
 11092 | D:7      | Reached skill level 12 in Stealth
 12055 | D:5      | Identified a scroll of acquirement
 12055 | D:5      | Acquired the ring "Zilear" {rF+ Int+2 Dex+3}
 12499 | D:8      | Noticed a white ugly thing
 12506 | D:8      | Killed a white ugly thing
 12507 | D:8      | Reached skill level 13 in Stealth
 12574 | D:8      | Noticed Grum
 12782 | D:7      | Reached * piety under Yredelemnul
 13109 | D:7      | Reached XP level 10. HP: 44/44 MP: 21/21
 13433 | D:8      | Noticed a tengu warrior
 13440 | D:8      | Killed a tengu warrior
 13451 | D:8      | Reached skill level 14 in Stealth
 13468 | D:8      | Identified the amulet "Riseggil" {RegenMP rPois Int+4 SInv}
 13474 | D:8      | Noticed a gargoyle
 13525 | D:8      | Killed a gargoyle
 13937 | D:8      | Killed Grum
 14112 | D:8      | Learned a level 3 spell: Confusing Touch
 14161 | D:9      | Found a shadowy altar of Dithmenos.
 14632 | D:9      | Identified the ring of Cemio {rC+ Str+6}
 14649 | D:9      | Noticed a two-headed ogre
 14651 | D:9      | Killed a two-headed ogre
 14652 | D:9      | Reached skill level 15 in Stealth
 14913 | D:9      | Reached ** piety under Yredelemnul
 15055 | D:10     | Entered Level 10 of the Dungeon
 15088 | D:10     | Noticed Joseph
 15094 | D:10     | Killed Joseph
 15249 | D:10     | Reached XP level 11. HP: 47/47 MP: 24/24
 15256 | D:10     | Reached skill level 16 in Stealth
 15370 | D:10     | Found a staircase to the Lair.
 15428 | D:10     | Noticed Sonja
 15429 | D:10     | Killed Sonja
 15910 | D:11     | Reached skill level 10 in Short Blades
 16086 | D:11     | Noticed a boulder beetle
 16111 | D:11     | Killed a boulder beetle
 16112 | D:11     | Reached skill level 17 in Stealth
 16112 | D:11     | Reached skill level 1 in Invocations
 16245 | D:11     | Reached skill level 1 in Fighting
 16269 | D:11     | Noticed Erolcha
 16443 | D:11     | Noticed a boulder beetle
 16446 | D:11     | Killed a boulder beetle
 16447 | D:11     | Reached skill level 18 in Stealth
 16462 | D:11     | You fall into a shaft and drop 1 floor!
 16462 | D:12     | Noticed a brown ugly thing
 16499 | D:12     | Killed a brown ugly thing
 16545 | D:11     | Killed Erolcha
 16592 | D:11     | Noticed a deep elf zephyrmancer
 16596 | D:11     | Noticed a deep elf pyromancer
 16614 | D:11     | Killed a deep elf zephyrmancer
 16615 | D:11     | Reached skill level 19 in Stealth
 16628 | D:11     | Killed a deep elf pyromancer
 16660 | D:11     | Got the Papyrus of Combed Thunderclap
 16670 | D:11     | Noticed a deep elf zephyrmancer
 16707 | D:11     | Noticed a deep elf zephyrmancer
 16708 | D:11     | Killed a deep elf zephyrmancer
 16722 | D:11     | Killed a deep elf zephyrmancer
 16725 | D:11     | Got Ts'ui PĂȘn's Compendium of Forking Paths
 16732 | D:11     | Got the Handbook of Dhcmrlchtdj
 16872 | D:11     | Noticed a tengu warrior
 16879 | D:11     | Killed a tengu warrior
 16992 | D:11     | Noticed a two-headed ogre
 17001 | D:11     | Killed a two-headed ogre
 17002 | D:11     | Reached skill level 20 in Stealth
 17002 | D:11     | Reached XP level 12. HP: 54/54 MP: 23/26
 17367 | D:11     | Reached skill level 21 in Stealth
 17738 | D:12     | Noticed Josephine
 17742 | D:12     | Killed from afar by Josephine

Illustrated notes

Levels and vault maps discovered:
D:1:      grunt_arrival_crossed_arrows, layout_basic
D:2:      layout_basic, basic_altar, serial_shops, nicolae_shop_crystal,
          dk_noncrumbling_4
D:3:      layout_rooms, tso_oasis_becter, zin_purify,
          mainiacjoe_overflow_boulevard, serial_curves, eino_curves_01,
          eino_curves_04, eino_curves_02, eino_curves_01
D:4:      layout_basic, dancing_weapons_uskayaw, hellmonk_ghost_happy_afterlife,
          uniq_edmund, uniq_robin
D:5:      layout_basic, nicolae_overflow_crystal_walls,
          minmay_overflow_temple_star_hex, hangedman_abyss_or_decor_lesser_grid,
          corexii_leaking_fountain, uniq_prince_ribbit1, uniq_menkaure
D:6:      layout_cave_pools, okawaru_ov_weapons_minmay,
          minmay_temple_entry_drinking_statues, uniq_grinder
D:7:      cheibrodos_shockbox, layout_cave_pods, slow_altar_1
D:8:      layout_rooms, minmay_diamond_spiral, uniq_grum
D:9:      layout_roguey, overflow_temple_1_default
D:10:     layout_loops_ring, lair_entry_dummy, hangedman_tell_no_tales,
          uniq_joseph, uniq_sonja
D:11:     layout_long_grid, bh_hangedman_babel_library, uniq_erolcha
D:12:     layout_rooms, david_orc_4, serial_shops, kennysheep_mini,
          uniq_josephine
Temple:   dpeg_three_leaves_temple

Skill      XL: |  1  2  3  4  5  6  7  8  9 10 11 12 |
---------------+-------------------------------------+-----
Stealth        | 5 6 7 8 9 11 13 15 20 21 | 21.1
Dodging        | 3 4 6 7 8 |  8.4
Short Blades   | 2 3 4 6 7 9 10 | 10.0
Spellcasting   | 3 4 5 7 8 9 |  9.0
Earth Magic    | 1 2 3 4 |  4.5
Invocations    | 3 |  3.9
Fighting       | 1 2 |  2.0
Hexes          | |  3.6

Action                   |  1- 3 |  4- 6 |  7- 9 | 10-12 || total
-------------------------+-------+-------+-------+-------++-------
Melee: Dagger            |    70 |    19 |   320 |   282 ||   691
       Short sword       |    48 |   133 |   169 |       ||   350
Throw: Dart              |       |       |     1 |     6 ||     7
       Throwing net      |       |       |       |     2 ||     2
 Cast: Ensorcelled Hiber |     4 |    28 |    35 |    17 ||    84
       Confusing Touch   |       |       |       |    19 ||    19
Invok: Animate Remains   |       |       |       |     4 ||     4
       Recall Undead Sla |       |       |       |     1 ||     1
  Use: Scroll            |       |       |    14 |     8 ||    22
       Potion            |       |       |     1 |     3 ||     4
 Stab: Sleeping          |    16 |    22 |    24 |    35 ||    97
       Distracted        |       |       |     1 |     1 ||     2
       Confused          |       |       |       |    15 ||    15
       Held in net/web   |       |       |       |     1 ||     1
Armor: Robe              |     8 |     7 |    39 |    17 ||    71
Dodge: Dodged            |    69 |   103 |   365 |   172 ||   709

Table legend: (Time is in decaauts)
 A = Elapsed time spent in this place.
 B = Non-inter-level travel time spent in this place.
 C = Inter-level travel time spent in this place.
 D = Time resting spent in this place.
 E = Time spent auto-exploring this place.
 F = Levels seen in this place.
 G = Mean time per level.
                   A        B        C        D        E       F      G
               +--------+--------+--------+--------+--------+-----+--------+
         Total |  13576 |  12960 |    616 |   5857 |   4028 |  13 | 1044.3 |
       Dungeon |  13439 |  12838 |    601 |   5857 |   3972 |  12 | 1119.9 |
        Temple |    136 |    122 |     14 |      0 |     55 |   1 |  136.0 |
               +--------+--------+--------+--------+--------+-----+--------+

Top non-repeatable levels by time:
     D:4: 2349 daAuts
     D:5: 1919 daAuts
     D:7: 1805 daAuts
     D:6: 1468 daAuts
    D:11: 1337 daAuts
     D:1: 1295 daAuts
     D:2: 795 daAuts
     D:8: 712 daAuts
     D:9: 645 daAuts
    D:10: 532 daAuts
     D:3: 481 daAuts
  Temple: 136 daAuts
    D:12: 97 daAuts
